 Dungeon Crawl Stone Soup version bcrawl-1.21.2-1-g32d02e0829 (webtiles) character file.

Game seed: 10354933933924030859

105 Mrkan the Skirmisher (level 4, -1/41 HPs)
             Began as a Hill Orc Fighter on Feb 25, 2020.
             Slain by a gnoll
             ... wielding a +0 halberd
              (8 damage)
             ... on level 3 of the Dungeon.
             The game lasted 00:03:01 (2095 turns).

Mrkan the Skirmisher (Hill Orc Fighter)             Turns: 2095, Time: 00:03:02

Health: -1/41      AC:  7    Str: 18    XL:     4   Next: 81%
Magic:  4/4        EV:  7    Int:  8    God:
Gold:   145        SH:  9    Dex: 11    Spells: 3/3 levels left

rFire    . . .     SeeInvis .   a - +0 flail
rCold    . . .     Gourm    .   c - +0 shield
rNeg     . . .     Faith    .   b - +0 scale mail
rPois    .         Spirit   .   (no helmet)
rElec    .         Reflect  .   (no cloak)
rCorr    .         Harm     .   (no gloves)
MR       .....                  (no boots)
Stlth    ..........             (no amulet)
HPRegen  0.13/turn              (no ring)
MPRegen  0.09/turn              (no ring)

@: lethally poisoned (-1 -> -1)
A: no striking features
a: no special abilities


You were on level 3 of the Dungeon.
You were near starving.

You visited 1 branch of the dungeon, and saw 3 of its levels.

You collected 145 gold pieces.

Inventory:

Hand Weapons
 a - a +0 flail (weapon)
Armour
 b - a +0 scale mail (worn)
 c - a +0 shield (worn)
Jewellery
 q - an uncursed amulet of faith {unknown}
Scrolls
 f - a scroll of fear {unknown}
 h - 2 scrolls of amnesia {unknown}
 i - a scroll of enchant weapon {unknown}
 j - a scroll of noise {unknown}
 k - a scroll of magic mapping {unknown}
 m - a scroll of teleportation {unknown}
 o - a scroll of identify {unknown}
 p - a scroll of immolation {unknown}
Potions
 d - 2 potions of might
 g - a potion of flight {unknown}
 l - a potion of heal wounds {unknown}
 n - a potion of resistance {unknown}
 r - a potion of curing {unknown}
Comestibles
 e - 3 rations {!d}


   Skills:
 * Level 4.9 Fighting
   Level 4.9 Short Blades
   Level 4.9 Long Blades
   Level 4.9 Axes
   Level 4.9 Maces & Flails
   Level 4.9 Polearms
   Level 4.9 Staves
 + Level 4.1 Armour
 + Level 4.0 Shields
   Level 4.9 Unarmed Combat


You had 3 spell levels left.
You didn't know any spells.
Your spell library was empty.

Dungeon Overview and Level Annotations

Branches:
Dungeon (3/12)

Altars:


Message History

The kobold is severely wounded.
You feel sick. The bat hits you but does no damage.
You block the kobold's attack. You block the gnoll's attack.
The gnoll barely misses you. The bat hits you but does no damage.
You sock the kobold!
You kill the kobold!
The bat hits you but does no damage. x2; The gnoll closely misses you. x2
The kobold throws a stone.
The stone hits you but does no damage. You block the gnoll's attack.
The bat closely misses you. You block the gnoll's attack.
You block the kobold's attack.
You completely miss the kobold. The bat hits you but does no damage.
You block the gnoll's attack. The kobold barely misses you.
The gnoll hits you with a +0 halberd. The gnoll hits you with a +0 spear.
* * * LOW HITPOINT WARNING * * *
Your shield and scale mail prevent you from hitting the kobold.
You feel sick. The kobold closely misses you. The gnoll barely misses you.
You block the gnoll's attack. The kobold hits you.
* * * LOW HITPOINT WARNING * * *
You hit the kobold but do no damage. The gnoll hits you with a +0 halberd!
You die...

.# #.## .# #... .###
#### .$..# #%#.#
##...#### #.......# .. #
#.##.##.# #
....#.#@##.##.# ####
.....KgKgb..#.#######...
.......gg)..............
.....##.....#.#######.#.
....# #..#.##.# #.##
...# #......$# #... .)#
##.###### #.## +# #.#
#.# #.# #.#


You could see 3 gnolls, a goblin, a bat and 2 kobolds.

Vanquished Creatures
  A scorpion (D:3)
  An adder (D:3)
  A worm (D:1)
  A dart slug (D:3)
  A leopard gecko (D:1)
  An orc (D:2)
  A ball python (D:1)
  5 bats
  2 giant cockroaches
  4 goblins
  7 hobgoblins
  10 kobolds
  A frilled lizard (D:3)
  3 rats (D:1)
39 creatures vanquished.

Notes
Turn   | Place    | Note
-------+----------+-------------------------------------------
     0 | D:1      | Mrkan the Hill Orc Fighter began the quest for the Orb.
     0 | D:1      | Reached XP level 1. HP: 20/20 MP: 1/1
   170 | D:1      | Reached XP level 2. HP: 26/27 MP: 2/2
   675 | D:2      | Reached XP level 3. HP: 11/34 MP: 3/3
  1693 | D:3      | Noticed a scorpion
  1712 | D:3      | Killed a scorpion
  1712 | D:3      | Reached XP level 4. HP: 18/41 MP: 4/4
  2095 | D:3      | Slain by a gnoll

Skill      XL: |  1  2  3 |
---------------+----------+-----
Armour         | 4 |  4.1
Shields        | 4 |  4.0
Fighting       | |  4.9
Short Blades   | |  4.9
Long Blades    | |  4.9
Axes           | |  4.9
Maces & Flails | |  4.9
Polearms       | |  4.9
Staves         | |  4.9
Unarmed Combat | |  4.9

Action                   |  1- 3 |  4- 6 || total
-------------------------+-------+-------++-------
Melee: Flail             |   127 |     9 ||   136
  Eat: Chunk             |     2 |       ||     2
Armor: Scale mail        |    81 |    10 ||    91
Dodge: Dodged            |    42 |    10 ||    52
Block: Shield            |    83 |    16 ||    99
